APL (24 & UNDER)
KENOSHA KINGFISH @ MONTGOMERY GREY SOX
09/15/2027
 
TOP OF THE 1ST
Kenosha Kingfish batting - Pitching for Montgomery Grey Sox : RHP Jorge Villalobos
Pitching: RHP Jorge Villalobos
Batting: LHB Marvin Nichols 0-0: Ball
1-0: Swinging Strike
1-1: Ball
2-1: Bunt for hit - play at first, batter OUT! 2-3
Batting: RHB Sergio Mata 0-0: Called Strike
0-1: Foul Ball, location: 2F
0-2: Foul Ball, location: 2F
0-2: Foul Ball, location: 2F
0-2: Ball
1-2: Strikes out swinging
Batting: LHB Gustavo Gómez 0-0: Ball
1-0: Ball
2-0: SOLO HOME RUN (Flyball, 89XD), Distance : 417 ft
Batting: LHB Jon Quinn 0-0: Ball
1-0: Swinging Strike
1-1: Fly out, F8 (Flyball, 78D)
Top of the 1st over - 1 run(s), 1 hit(s), 0 error(s), 0 left on base; Kenosha 1 - Montgomery 0
BOTTOM OF THE 1ST
Montgomery Grey Sox batting - Pitching for Kenosha Kingfish : LHP Dong-young Kang
Pitching: LHP Dong-young Kang
Batting: RHB Frederick Curtis 0-0: Fly out, F7 (Line Drive, 7)
Batting: RHB Reinaldo Amarante 0-0: Called Strike
0-1: Fly out, F7 (Flyball, 78M)
Batting: RHB Bryant von Bohlen 0-0: Ball
1-0: Ground out 5-3 (Groundball, 56S)
Bottom of the 1st over - 0 run(s), 0 hit(s), 0 error(s), 0 left on base; Kenosha 1 - Montgomery 0
TOP OF THE 2ND
Kenosha Kingfish batting - Pitching for Montgomery Grey Sox : RHP Jorge Villalobos
Batting: LHB Davey Casey 0-0: Ball
1-0: Swinging Strike
1-1: Swinging Strike
1-2: Ball
2-2: Foul Ball, location: 2F
2-2: Strikes out swinging
Batting: SHB John Beach 0-0: Swinging Strike
0-1: Swinging Strike
0-2: Strikes out swinging
Batting: RHB Esteban Ayala 0-0: SOLO HOME RUN (Flyball, 9D), Distance : 383 ft
Batting: SHB Alfonso Escasán 0-0: Foul Ball, location: 2F
0-1: Fly out, F7 (Flyball, 7S)
Top of the 2nd over - 1 run(s), 1 hit(s), 0 error(s), 0 left on base; Kenosha 2 - Montgomery 0
BOTTOM OF THE 2ND
Montgomery Grey Sox batting - Pitching for Kenosha Kingfish : LHP Dong-young Kang
Batting: RHB Bradley Burns 0-0: Ball
1-0: Swinging Strike
1-1: Called Strike
1-2: Ball
2-2: Hit by Pitch
Batting: SHB Hoyt Norris 0-0: Ball
1-0: Foul Ball, location: 2F
1-1: Hit by Pitch
Bradley Burns to second
Batting: RHB António Nevárez 0-0: Ball
1-0: Swinging Strike
1-1: Foul Ball, location: 2F
1-2: Ball
2-2: DOUBLE (Line Drive, 7LM)
Bradley Burns scores
Hoyt Norris to third
Batting: LHB Robinson López 0-0: Ball
1-0: Fly out, F3 (Popup, 3L)
Batting: RHB Luis Pineda 0-0: Called Strike
0-1: Ball
1-1: Ball
2-1: Ground out 5-3 (Groundball, 56)
Hoyt Norris scores
Batting: SHB Pancho Ruíz 0-0: DOUBLE (Line Drive, 9LM)
António Nevárez scores
Batting: RHB Frederick Curtis 0-0: Ball
1-0: Foul Ball, location: 2F
1-1: Ball
2-1: Ball
3-1: Base on Balls
Batting: RHB Reinaldo Amarante 0-0: SINGLE (Flyball, 8RS)
Pancho Ruíz to third
Frederick Curtis to second
Runner from 3rd tries for Home, SAFE, no throw
Batting: RHB Bryant von Bohlen 0-0: Foul Ball, location: 2F
0-1: Ball
1-1: Foul Ball, location: 2F
1-2: Strikes out swinging
Bottom of the 2nd over - 4 run(s), 3 hit(s), 0 error(s), 2 left on base; Kenosha 2 - Montgomery 4
TOP OF THE 3RD
Kenosha Kingfish batting - Pitching for Montgomery Grey Sox : RHP Jorge Villalobos
Batting: RHB Tommy Davenport 0-0: Fly out, F8 (Line Drive, 8RD)
Batting: LHB Marvin Nichols 0-0: Ball
1-0: Ball
2-0: Ball
3-0: Base on Balls
Batting: RHB Sergio Mata 0-0: Foul Ball, location: 2F
0-1: Ball
1-1: Ball
Marvin Nichols is caught stealing 2nd base
2-1: Fly out, F8 (Flyball, 89S)
Top of the 3rd over - 0 run(s), 0 hit(s), 0 error(s), 0 left on base; Kenosha 2 - Montgomery 4
BOTTOM OF THE 3RD
Montgomery Grey Sox batting - Pitching for Kenosha Kingfish : LHP Dong-young Kang
Batting: RHB Bradley Burns 0-0: Ball
1-0: Ball
2-0: Ground out 5-3 (Groundball, 56)
Batting: SHB Hoyt Norris 0-0: Ball
1-0: Foul Ball, location: 2F
1-1: Foul Ball, location: 2F
1-2: Fly out, F9 (Flyball, 9LM)
Batting: RHB António Nevárez 0-0: Called Strike
0-1: Ball
1-1: Swinging Strike
1-2: Foul Ball, location: 2F
1-2: Strikes out looking
Bottom of the 3rd over - 0 run(s), 0 hit(s), 0 error(s), 0 left on base; Kenosha 2 - Montgomery 4
TOP OF THE 4TH
Kenosha Kingfish batting - Pitching for Montgomery Grey Sox : RHP Jorge Villalobos
Batting: LHB Gustavo Gómez 0-0: Ball
1-0: Called Strike
1-1: Called Strike
1-2: Foul Ball, location: 2F
1-2: Ball
2-2: Foul Ball, location: 2F
2-2: Foul Ball, location: 2F
2-2: Ball
3-2: Strikes out swinging
Batting: LHB Jon Quinn 0-0: Ball
1-0: Foul Ball, location: 2F
1-1: Fly out, F9 (Flyball, 9LS)
Batting: LHB Davey Casey 0-0: Ground out U3 (Groundball, 3)
Top of the 4th over - 0 run(s), 0 hit(s), 0 error(s), 0 left on base; Kenosha 2 - Montgomery 4
BOTTOM OF THE 4TH
Montgomery Grey Sox batting - Pitching for Kenosha Kingfish : LHP Dong-young Kang
Batting: LHB Robinson López 0-0: Ball
1-0: Foul Ball, location: 2F
1-1: Ball
2-1: SINGLE (Groundball, 4D)
Batting: RHB Luis Pineda 0-0: Ball
1-0: Swinging Strike
1-1: DOUBLE (Line Drive, 7LM)
Robinson López to third
Batting: SHB Pancho Ruíz 0-0: Ball
1-0: Fly out, F6 (Line Drive, 6)
Batting: RHB Frederick Curtis 0-0: Called Strike
0-1: Swinging Strike
0-2: Foul Ball, location: 2F
0-2: Strikes out swinging
Batting: RHB Reinaldo Amarante 0-0: Ball
1-0: Ball
2-0: Called Strike
2-1: Foul Ball, location: 2F
2-2: Foul Ball, location: 2F
2-2: Ball
3-2: Strikes out swinging
Bottom of the 4th over - 0 run(s), 2 hit(s), 0 error(s), 2 left on base; Kenosha 2 - Montgomery 4
TOP OF THE 5TH
Kenosha Kingfish batting - Pitching for Montgomery Grey Sox : RHP Jorge Villalobos
Batting: SHB John Beach 0-0: Called Strike
0-1: Ball
1-1: Fly out, F8 (Flyball, 8RS)
Batting: RHB Esteban Ayala 0-0: Ball
1-0: SINGLE (Flyball, 89S)
Batting: SHB Alfonso Escasán 0-0: Called Strike
0-1: Ball
1-1: Ball
2-1: Called Strike
2-2: Strikes out swinging
Batting: RHB Tommy Davenport 0-0: Ball
1-0: SINGLE (Flyball, 7S)
Esteban Ayala to second
Batting: LHB Marvin Nichols 0-0: Called Strike
0-1: Ball
1-1: Swinging Strike
1-2: Strikes out looking
Top of the 5th over - 0 run(s), 2 hit(s), 0 error(s), 2 left on base; Kenosha 2 - Montgomery 4
BOTTOM OF THE 5TH
Montgomery Grey Sox batting - Pitching for Kenosha Kingfish : LHP Dong-young Kang
Batting: RHB Bryant von Bohlen 0-0: Ball
1-0: Ball
2-0: Ball
3-0: Swinging Strike
3-1: Swinging Strike
3-2: Fly out, F6 (Popup, 6)
Batting: RHB Bradley Burns 0-0: Called Strike
0-1: Foul Ball, location: 2F
0-2: Foul Ball, location: 2F
0-2: Ground out 5-3 (Groundball, 56)
Batting: SHB Hoyt Norris 0-0: Called Strike
0-1: Swinging Strike
0-2: Ball
1-2: Strikes out looking
Bottom of the 5th over - 0 run(s), 0 hit(s), 0 error(s), 0 left on base; Kenosha 2 - Montgomery 4
TOP OF THE 6TH
Kenosha Kingfish batting - Pitching for Montgomery Grey Sox : RHP Jorge Villalobos
Batting: RHB Sergio Mata 0-0: Ground out 5-3 (Groundball, 5L)
Batting: LHB Gustavo Gómez 0-0: Swinging Strike
0-1: Ball
1-1: Ball
2-1: Ball
3-1: Base on Balls
Batting: LHB Jon Quinn 0-0: Foul Ball, location: 2F
0-1: Ball
1-1: Ball
2-1: Grounds into double play, 3-6-4 (Groundball, 34)
Top of the 6th over - 0 run(s), 0 hit(s), 0 error(s), 0 left on base; Kenosha 2 - Montgomery 4
BOTTOM OF THE 6TH
Montgomery Grey Sox batting - Pitching for Kenosha Kingfish : LHP Dong-young Kang
Batting: RHB António Nevárez 0-0: Called Strike
0-1: Ball
1-1: Foul Ball, location: 2F
1-2: Fly out, F9 (Flyball, 9S)
Pitching: RHP Kel Meyer
Batting: LHB Robinson López 0-0: Foul Ball, location: 2F
0-1: Foul Ball, location: 2F
0-2: Strikes out swinging
Batting: RHB Luis Pineda 0-0: Called Strike
0-1: Foul Ball, location: 2F
0-2: Foul Ball, location: 2F
0-2: Strikes out swinging
Bottom of the 6th over - 0 run(s), 0 hit(s), 0 error(s), 0 left on base; Kenosha 2 - Montgomery 4
TOP OF THE 7TH
Kenosha Kingfish batting - Pitching for Montgomery Grey Sox : RHP Jorge Villalobos
Batting: LHB Davey Casey 0-0: Ball
1-0: Called Strike
1-1: Foul Ball, location: 2F
1-2: Strikes out swinging
Batting: SHB John Beach 0-0: Ball
1-0: Ball
2-0: Called Strike
2-1: Foul Ball, location: 2F
2-2: Ball
3-2: Base on Balls
Pitching: RHP Alan Foster
Batting: RHB Esteban Ayala 0-0: Ball
1-0: Foul Ball, location: 2F
1-1: Called Strike
1-2: Strikes out swinging
Batting: SHB Alfonso Escasán 0-0: Called Strike
0-1: Called Strike
0-2: Ball
1-2: Ball
2-2: Ball
3-2: Base on Balls
John Beach to second
Pinch Hitting: LHB Henry Durham 0-0: Ball
1-0: Ball
2-0: Ball
3-0: Swinging Strike
3-1: Swinging Strike
3-2: Base on Balls
John Beach to third
Alfonso Escasán to second
Pitching: LHP Juan Reyes
Pinch Hitting: RHB Rubén Hernández 0-0: DOUBLE (Groundball, 5L)
John Beach scores
Alfonso Escasán scores
Henry Durham to third
Batting: RHB Sergio Mata 0-0: Ball
1-0: SINGLE (Flyball, 8LS)
Henry Durham scores
Rubén Hernández to third
Runner from 3rd tries for Home, SAFE, throw made home
Sergio Mata to second
Batting: LHB Gustavo Gómez 0-0: Swinging Strike
0-1: Ball
1-1: Swinging Strike
1-2: Strikes out swinging
Top of the 7th over - 4 run(s), 2 hit(s), 0 error(s), 1 left on base; Kenosha 6 - Montgomery 4
BOTTOM OF THE 7TH
Montgomery Grey Sox batting - Pitching for Kenosha Kingfish : RHP Kel Meyer
Now in CF: Miguel Gómez
Now in RF: Henry Durham
Batting: SHB Pancho Ruíz 0-0: Ball
1-0: Called Strike
1-1: Called Strike
1-2: Ball
2-2: Foul Ball, location: 2F
2-2: Foul Ball, location: 2F
2-2: Ball
3-2: TRIPLE (Line Drive, 89S)
Batting: RHB Frederick Curtis 0-0: Ball
1-0: Ball
2-0: Ball
3-0: Base on Balls
Pinch Hitting: RHB Dean Bailey 0-0: Ball
1-0: Swinging Strike
1-1: Fly out, F7 (Flyball, 7LS)
Batting: RHB Bryant von Bohlen 0-0: Ball
1-0: Called Strike
1-1: Ball
2-1: Fly out, F8 (Flyball, 8RM)
Runner from 3rd tags up, OUT at HOME
Bottom of the 7th over - 0 run(s), 1 hit(s), 0 error(s), 1 left on base; Kenosha 6 - Montgomery 4
TOP OF THE 8TH
Kenosha Kingfish batting - Pitching for Montgomery Grey Sox : LHP Juan Reyes
Now at 2B: Amlak Saitoti
Batting: LHB Jon Quinn 0-0: Called Strike
0-1: DOUBLE (Flyball, 89M)
Pitching: LHP Anthony Tamburrino
Batting: LHB Davey Casey 0-0: Ball
1-0: SINGLE (Groundball, 4MD)
Jon Quinn to third
Batting: SHB John Beach 0-0: Ball
1-0: Ball
2-0: Called Strike
2-1: Foul Ball, location: 2F
2-2: Fly out, F7 (Flyball, 7D)
Runner from 3rd tags up, SCORES, no throw
Batting: RHB Esteban Ayala 0-0: Ball
1-0: Called Strike
1-1: Ball
2-1: Foul Ball, location: 2F
2-2: Ball
3-2: Fly out, F9 (Flyball, 9)
Batting: SHB Alfonso Escasán 0-0: Called Strike
0-1: Ball
Wild Pitch!
Davey Casey to second
1-1: Hit by Pitch
Batting: LHB Henry Durham 0-0: Called Strike
0-1: Fly out, F7 (Flyball, 78S)
Top of the 8th over - 1 run(s), 2 hit(s), 0 error(s), 2 left on base; Kenosha 7 - Montgomery 4
BOTTOM OF THE 8TH
Montgomery Grey Sox batting - Pitching for Kenosha Kingfish : RHP Kel Meyer
Batting: RHB Bradley Burns 0-0: Ball
1-0: Ball
2-0: Ball
3-0: Foul Ball, location: 2F
3-1: Swinging Strike
3-2: Foul Ball, location: 2F
3-2: Foul Ball, location: 2F
3-2: SINGLE (Groundball, 6D)
Batting: SHB Hoyt Norris 0-0: Called Strike
0-1: Called Strike
0-2: SINGLE (Groundball, 34)
Bradley Burns to second
Throwing error, E9
Bradley Burns scores
Hoyt Norris to second
Batting: RHB António Nevárez 0-0: Called Strike
0-1: Foul Ball, location: 2F
0-2: Ground out 4-3 (Groundball, 4)
Hoyt Norris to third
Batting: LHB Robinson López 0-0: Called Strike
0-1: Called Strike
0-2: Strikes out swinging
Batting: RHB Luis Pineda 0-0: Ball
1-0: Swinging Strike
1-1: Foul Ball, location: 2F
1-2: Ball
2-2: Strikes out looking
Bottom of the 8th over - 1 run(s), 2 hit(s), 1 error(s), 1 left on base; Kenosha 7 - Montgomery 5
TOP OF THE 9TH
Kenosha Kingfish batting - Pitching for Montgomery Grey Sox : LHP Anthony Tamburrino
Batting: LHB Miguel Gómez 0-0: Fly out, F4 (Popup, 4S)
Batting: RHB Sergio Mata 0-0: Called Strike
0-1: Ball
1-1: Ball
2-1: Foul Ball, location: 2F
2-2: Ball
3-2: Foul Ball, location: 2F
3-2: Base on Balls
Batting: LHB Gustavo Gómez 0-0: Ball
1-0: Called Strike
1-1: Called Strike
Sergio Mata steals 2nd base
1-2: Ball
2-2: Strikes out looking
Batting: LHB Jon Quinn 0-0: Ground out 4-3 (Groundball, 4M)
Top of the 9th over - 0 run(s), 0 hit(s), 0 error(s), 1 left on base; Kenosha 7 - Montgomery 5
BOTTOM OF THE 9TH
Montgomery Grey Sox batting - Pitching for Kenosha Kingfish : RHP Kel Meyer
Pitching: RHP Pablo Suárez
Batting: SHB Pancho Ruíz 0-0: Ball
1-0: Ball
2-0: Foul Ball, location: 2F
2-1: Foul Ball, location: 2F
2-2: SINGLE (Line Drive, 56D)
Batting: RHB Frederick Curtis 0-0: Foul Ball, location: 2F
0-1: SINGLE (Line Drive, 8LS)
Pancho Ruíz to second
Batting: LHB Amlak Saitoti 0-0: Fly out, F7 (Flyball, 78M)
Batting: RHB Bryant von Bohlen 0-0: Swinging Strike
0-1: Foul Ball, location: 2F
0-2: Ball
1-2: Ball
2-2: Ball
3-2: Base on Balls
Pancho Ruíz to third
Frederick Curtis to second
Pinch Hitting: RHB Fred Moulds 0-0: Called Strike
0-1: Ball
1-1: Ball
2-1: Swinging Strike
2-2: Foul Ball, location: 2F
2-2: Fly out, F9 (Line Drive, 89S)
Batting: SHB Hoyt Norris 0-0: Ball
1-0: Called Strike
1-1: Ball
2-1: Ball
3-1: Foul Ball, location: 2F
3-2: Foul Ball, location: 2F
3-2: Base on Balls
Pancho Ruíz scores
Frederick Curtis to third
Bryant von Bohlen to second
Pinch Hitting: SHB Kenneth Cruz 0-0: Ball
1-0: Ball
2-0: Foul Ball, location: 2F
2-1: Foul Ball, location: 2F
2-2: Ground out U3 (Groundball, 34)
Bottom of the 9th over - 1 run(s), 2 hit(s), 0 error(s), 3 left on base; Kenosha 7 - Montgomery 6
Thursday, March 30th, 2017 - OOTP Baseball 17.12 Build 75